Map: 뉴 리퍼그넌시 - 래더

Players

Ragnarok (SHIN) - Winner!

  • Race: Zerg Zerg
  • Spawn Location: 7:00

Harstem

  • Race: Protoss Protoss
  • League: Grandmaster
  • Spawn Location: 1:00

Event: 2019 Assembly Summer

VOD

Have the link to the VOD?

Description

Time

  • Played on: Aug. 1, 2019, 7:58 a.m.
  • Length: 12:18

All games in this series

Show
View Real Time Build Order
Export as new Build Order

Ragnarok Zerg - Winner!

Build Orders: Hatch First 

Get SALT Encoding   

  12  0:00  Drone  
  13  0:12  Overlord  
  13  0:17  Drone  
  14  0:31  Drone x2  
  16  0:36  Drone  
  17  0:56  Drone  
  18  0:58  Hatchery  
  18  1:00  Drone  
  18  1:12  Extractor  
  18  1:15  Spawning Pool  
  18  1:18  Drone  
  17  1:21  Drone  
  18  1:29  Drone  
  19  1:39  Drone  
  20  1:55  Hatchery  
  20  1:57  Overlord  
  19  2:04  Queen  
  21  2:13  Metabolic Boost  
  22  2:15  Zergling x4  
  22  2:22  Zergling x2  
  25  2:34  Overlord  
  25  2:38  Hatchery  
  25  2:41  Queen  
  25  2:46  Drone  
  26  2:55  Zergling x2  
  27  3:06  Drone  
  27  3:09  Drone, Queen  
  31  3:13  Drone x3  
  31  3:17  Drone  
  31  3:19  Drone  
  36  3:24  Spore Crawler  
  35  3:29  Drone  
  35  3:30  Drone  
  37  3:40  Spore Crawler  
  37  3:43  Drone x2  
  40  3:50  Drone, Overlord  
  40  3:51  Drone x3  
  44  3:58  Drone  
  44  3:59  Roach Warren  
  44  4:01  Drone  
  45  4:07  Queen  
  47  4:10  Overlord  
  47  4:12  Drone  
  47  4:15  Drone  
  49  4:19  Overlord  
  49  4:22  Drone  
  50  4:25  Zergling x2, Extractor  
  50  4:28  Overlord  
  50  4:30  Drone x2  
  52  4:36  Overlord, Extractor  
  51  4:40  Roach x3  
  57  4:46  Overlord  
  57  4:51  Roach x3, Zergling x2  
  64  4:57  Roach, Zergling x2  
  67  5:04  Drone  
  67  5:06  Drone  
  66  5:10  Drone  
  66  5:11  Drone, Zergling x2  
  66  5:12  Zergling x2  
  69  5:18  Ravager x3  
  69  5:20  Zergling x6  
  75  5:24  Zergling x4  
  75  5:26  Zergling x2  
  75  5:27  Zergling x2  
  79  5:29  Ravager  
  79  5:34  Overlord, Zergling x2  
  81  5:36  Zergling x2  
  81  5:37  Zergling x2  
  81  5:39  Zergling x2  
  84  5:43  Overlord  
  84  5:44  Zergling x2  
  84  5:46  Zergling x2  
  84  5:48  Ravager x2  
  87  5:50  Zergling x2  
  87  5:53  Ravager  
  87  5:54  Zergling x4  
  91  6:00  Zergling x2  
  91  6:01  Zergling x4  
  91  6:03  Zergling x2  
  93  6:05  Zergling x2  
  93  6:10  Zergling x8  
  91  6:12  Zergling x2  
  91  6:15  Roach  
  91  6:18  Zergling x2  
  83  6:21  Zergling x4  
  83  6:23  Zergling x2  
  82  6:26  Zergling x4  
  82  6:29  Zergling x2  
  82  6:30  Zergling x2  
  86  6:33  Roach, Zergling x2  
  89  6:41  Lair  
  89  6:42  Roach  
  89  6:45  Roach  
  93  6:49  Zergling x2  
  93  6:51  Zergling x4  
  93  6:52  Zergling x2  
  93  6:54  Zergling x2  
  98  6:56  Zergling x2  
  98  6:57  Zergling x2  
  98  7:00  Roach  
  102  7:06  Overlord  
  102  7:08  Zergling x4  
  104  7:11  Drone x2  
  104  7:14  Overlord  
  106  7:17  Overlord  
  106  7:22  Overlord  
  106  7:26  Roach x2  
  110  7:31  Drone x3  
  110  7:34  Drone  
  114  7:37  Glial Reconstitution  
  114  7:38  Overseer  
  114  7:43  Roach  
  116  7:47  Roach x2  
  120  7:51  Roach x2  
  120  7:55  Roach  
  125  7:59  Roach x2  
  125  8:02  Overlord  
  125  8:05  Ravager x4  
  133  8:08  Roach  
  135  8:13  Roach  
  135  8:14  Overlord x2  
  135  8:19  Evolution Chamber  
  136  8:20  Overlord  
  136  8:22  Zergling x2  
  141  8:27  Roach x2  
  140  8:37  Roach x4  
  136  8:42  Roach x2  
  136  8:47  Roach  
  136  8:48  Roach  
  135  8:51  Roach  
  135  8:55  Roach, Zergling x2  
  135  8:59  Roach x2  
  135  9:02  Roach  
  141  9:04  Roach  
  141  9:08  Roach  
  141  9:09  Roach  
  147  9:11  Roach  
  147  9:16  Roach  
  151  9:20  Roach x2  
  151  9:23  Overlord  
  155  9:25  Zergling x2  
  155  9:29  Roach  
  155  9:30  Roach  
  160  9:35  Roach, Zergling x4  
  160  9:38  Roach  
  166  9:41  Zerg Missile Weapons Level 1  
  165  9:49  Roach x3  
  153  9:56  Ravager x2  
  153  9:57  Zergling x2  
  153  9:58  Zergling x8  
  156  10:01  Zergling x2  
  156  10:02  Roach  
  158  10:10  Zergling x10  
  158  10:13  Zergling x4  
  162  10:20  Ravager, Zergling x8  
  167  10:24  Ravager x2  
  167  10:27  Zergling x6  
  172  10:34  Roach, Zergling x6  
  172  10:35  Zergling x2  
  178  10:37  Overlord  
  178  10:40  Overlord  
  175  10:46  Roach, Zergling x2  
  161  10:53  Roach, Zergling x8  
  152  11:01  Roach, Zergling x8  
  135  11:06  Roach, Zergling x2  
  111  11:12  Roach, Zergling x4  
  111  11:18  Roach x3  
  110  11:25  Roach, Zergling x6  
  110  11:31  Zergling x6  
  113  11:34  Ravager x2  
  113  11:37  Roach x2  
  120  11:40  Ravager x2  
  120  11:42  Roach  
  120  11:45  Roach, Zergling x4  
  127  11:51  Roach x2  
  130  11:59  Zergling x2  
  130  12:00  Zergling x8  
Show
View Real Time Build Order
Export as new Build Order

Harstem Protoss 

Build Orders:  

Get SALT Encoding   

  12  0:00  Probe  
  13  0:12  Probe  
  14  0:19  Pylon  
  14  0:25  Probe  
  15  0:33  Probe  
  15  0:40  Gateway  
  15  0:41  Probe  
  17  0:51  Probe  
  17  0:55  Assimilator  
  18  1:03  Probe  
  19  1:15  Probe  
  20  1:27  Cybernetics Core  
  20  1:29  Probe, Pylon  
  21  1:33  Zealot  
  21  1:35  Pylon  
  23  1:47  Probe  
  24  1:59  Probe  
  25  2:02  Adept  
  27  2:24  Nexus  
  27  2:29  Warp Gate  
  27  2:33  Probe  
  28  2:37  Assimilator  
  28  2:46  Robotics Facility  
  28  2:47  Probe  
  29  2:53  Pylon  
  29  3:01  Probe  
  30  3:06  Gateway  
  30  3:11  Sentry  
  32  3:13  Probe  
  33  3:22  Warp Prism  
  33  3:25  Probe  
  36  3:37  Probe  
  36  3:38  Probe  
  38  3:50  Immortal  
  38  3:52  Probe  
  38  3:53  Probe  
  44  4:04  Probe  
  44  4:05  Probe  
  46  4:15  Pylon  
  46  4:16  Probe  
  47  4:17  Sentry, Probe  
  47  4:20  Adept  
  47  4:21  Immortal  
  52  4:29  Probe, Pylon  
  53  4:32  Probe  
  58  4:38  Assimilator  
  58  4:41  Probe  
  59  4:46  Probe  
  59  4:50  Gateway, Immortal  
  59  4:52  Gateway  
  60  4:58  Probe  
  65  5:15  Gateway, Sentry x2  
  65  5:16  Gateway  
  69  5:23  Observer  
  69  5:24  Gateway  
  69  5:29  Pylon  
  69  5:30  Pylon  
  69  5:31  Pylon  
  70  5:38  Immortal  
  70  5:44  Pylon  
  70  5:47  Probe x2  
  76  5:50  Assimilator  
  76  5:57  Zealot, Sentry  
  76  5:59  Sentry  
  76  6:00  Probe x2  
  84  6:07  Immortal  
  84  6:14  Probe  
  63  6:27  Probe  
  63  6:28  Probe  
  63  6:30  Sentry  
  63  6:31  Zealot x5  
  77  6:35  Sentry  
  77  6:38  Immortal  
  79  6:42  Cybernetics Core  
  79  6:52  Zealot  
  79  6:53  Zealot  
  87  6:55  Pylon  
  87  6:59  Zealot  
  89  7:03  Zealot  
  91  7:09  Immortal  
  91  7:12  Pylon  
  91  7:20  Sentry x3  
  101  7:25  Pylon  
  101  7:37  Sentry  
  101  7:38  Zealot  
  101  7:41  Immortal  
  101  7:43  Pylon  
  105  7:48  Gateway  
  109  7:57  Zealot, Sentry  
  113  7:58  Sentry  
  115  8:06  Pylon  
  115  8:07  Pylon  
  115  8:08  Gateway  
  115  8:38  Zealot x4, Sentry  
  125  8:43  Probe  
  125  8:46  Pylon  
  126  8:49  Sentry  
  126  8:50  Immortal  
  132  8:58  Pylon  
  132  9:00  Pylon  
  132  9:06  Stalker x2  
  136  9:12  Stalker x5  
  144  9:37  Sentry x2, Stalker x3  
  138  9:56  Nexus, Sentry, Stalker  
  140  10:02  Robotics Bay  
  140  10:04  Forge  
  140  10:13  Zealot x3, Sentry  
  140  10:14  Zealot  
  140  10:20  Pylon  
  140  10:24  Probe  
  140  10:26  Probe  
  140  10:28  Sentry  
  144  10:32  Zealot  
  144  10:35  Zealot  
  148  10:48  Disruptor  
  126  10:52  Sentry x3  
  126  10:53  Zealot x3  
  130  11:03  Zealot  
  89  11:15  Probe  
  89  11:16  Probe x2  
  76  11:18  Disruptor  
  74  11:29  Probe  
  74  11:31  Sentry  
  74  11:32  Zealot x6  
  92  11:38  Probe x2  
  94  11:41  Probe  
  94  11:43  Shield Battery  
  92  11:57  Zealot x4, Sentry  
  85  12:09  Zealot x2  
Tags
 
Add a new tag
Caveats
  • Supply blocks, unpowered buildings, or Contaminate may cause inaccurate times.
  • Supply counts are checked every 10 seconds.